 Dungeon Crawl Stone Soup version 0.31-a0-940-gdaa99269f9 (webtiles) character file.

Game seed: 13412121038317152125

10 gelatine the Changeling (level 2, 0/18 HPs)
             Began as an Octopode Shapeshifter on Oct 20, 2023.
             Slain by a goblin
             ... wielding a +2 dagger of protection
             ... led by Robin
              (2 damage)
             ... on level 2 of the Dungeon.
             The game lasted 00:01:36 (326 turns).

gelatine the Changeling (Octopode Shapeshifter)      Turns: 326, Time: 00:01:36

Health: 0/18       AC:  1    Str: 13    XL:     2   Next: 20%
Magic:  2/2        EV: 13    Int: 12    God:
Gold:   35         SH:  0    Dex: 11    Spells: 1/1 levels left

rFire   . .          .
                       - Unarmed
rCold   . . .        (no shield)
rNeg    . . .        (helmet currently unavailable)
rPois   .            (no amulet)
rElec   .            (no ring)
rCorr   .            (no ring)
SInv    .            (no ring)
Will    .....        (no ring)
Stlth   ++           (no ring)
HPRegen 0.23/turn    (no ring)
MPRegen 0.08/turn    (no ring)
                     (no ring)

%: no passive effects
@: beast-form
A: beast (slay +1), almost no armour, amphibious, 8 rings, camouflage 1,
gelatinous body 1, (nimble swimmer 1), tentacles
a: Begin Untransformation


You were on level 2 of the Dungeon.
You were a hulking beast.
You visited 1 branch of the dungeon, and saw 2 of its levels.

You collected 35 gold pieces.

Inventory:

Talismans
 b - a beast talisman (active)
 c - a flux talisman
Scrolls
 e - a scroll of identify {unknown}
 f - 2 scrolls of teleportation {unknown}
 g - a scroll of noise {unknown}
 j - a scroll of brand weapon {unknown}
Potions
 a - a potion of lignification
 d - a potion of ambrosia {unknown}
 h - 3 potions of heal wounds {unknown}
 i - a potion of resistance {unknown}


   Skills:
 * Level 1.0 Fighting
 + Level 2.0 Dodging
 + Level 3.2 Unarmed Combat
 * Level 3.3 Shapeshifting


You had one spell level left.
You didn't know any spells.
Your spell library contained the following spells:

 Spells                   Type           Power      Damage    Failure   Level
 Sublimation of Blood     Necr           0%         N/A       45%         2
 Wereblood                Tmut           0%         N/A       45%         2
 Summon Hydra             Summ           0%         N/A       100%        7


Dungeon Overview and Level Annotations

Branches:
Dungeon (1/15)

Altars:

Shops:
D:1 [

Annotations:
D:2 Robin


Innate Abilities, Weirdness & Mutations

You are a hulking beast.
Your limbs bulge with bestial killing power. (Slay +1)
You cannot wear most types of armour.
You are amphibious.
You can wear up to eight rings at the same time.
Your skin changes colour to match your surroundings (Stealth+).
Your rubbery body absorbs attacks. (AC +1, EV +1)
((You are camouflaged when in or above water. (Stealth+)))
You have tentacles for arms and can constrict up to eight enemies at once.


Message History

2 goblins come into view.
Found a stone staircase leading down.
The goblin shouts!
You hear a shout! x2
Robin of the Strong Arm comes into view.
They are wielding a +0 club.
Robin shouts!
You hear a shout! x5
A goblin and a hobgoblin come into view.
The goblin hits you with a +0 club.
A hobgoblin comes into view.
You bludgeon the goblin!
You kill the goblin!
A hobgoblin comes into view.
A goblin comes into view.
It is wielding a +2 dagger of protection.
Robin roars a battlecry!
The goblins go into a battle-frenzy!
You hear a shout! x2
Robin roars a battlecry!
You hear a shout!
Robin throws the goblin at you! The goblin completely misses you.
You closely miss the goblin. Your grab misses the goblin.
Your squeeze misses the goblin. Robin throws the goblin at you!
The goblin hits you with a +2 dagger of protection.
The goblin closely misses you.
You barely miss the goblin. Your grab misses the goblin.
The goblin hits you with a +2 dagger of protection.
* * * LOW HITPOINT WARNING * * *
The goblin hits you with a +0 dagger.
* * * LOW HITPOINT WARNING * * *
The goblin misses you. The goblin closely misses you.
You tentacle-slap the goblin but do no damage.
You grab the goblin.
You tentacle-slap the goblin, but do no damage.
You constrict the goblin.
A goblin comes into view. It is wielding a +0 dagger.
The goblin barely misses you.
You tentacle-slap the goblin.
The goblin is almost dead.
You constrict the goblin, but do no damage.
A hobgoblin comes into view. It is wielding a +0 quarterstaff.
The goblin hits you with a +2 dagger of protection.
You die...

.. ... ###.
#####...## #...
#...#.....
#.#.#++.........
#...............
#............... .
#...g..........# ....
####g#....##+#.#.....
####h#....##+#.......
#.....g...g...###.>..
#....................
#..........g.........
#..........)g........
#..........g.........
#.............)......
#....................
###'##..........g....


You could see 2 hobgoblins and 4 goblins.

Vanquished Creatures
  2 bats
  2 goblins
  A quokka (D:1)
  2 frilled lizards (D:1)
  4 rats (D:1)
11 creatures vanquished.

Notes
Turn   | Place    | Note
-------+----------+-------------------------------------------
     0 | D:1      | gelatine the Octopode Shapeshifter began the quest for the
                  | Orb.
     0 | D:1      | Reached XP level 1. HP: 13/13 MP: 1/1
   133 | D:1      | Found Ynal's Armour Shop.
   153 | D:1      | Reached XP level 2. HP: 13/18 MP: 2/2
   269 | D:1      | You fall into a shaft and drop 1 floor!
   310 | D:2      | Noticed Robin
   326 | D:2      | Slain by a goblin

Illustrated notes

Levels and vault maps discovered:
D:1:      tarquinn_simple_flora_water_f, layout_rooms, serial_shops, shop,
          wad_floor_pattern_untrapped
D:2:      layout_basic, uniq_robin

Action                     || total
---------------------------++-------
  Melee: Unarmed           ||    22
         Constrict         ||     5
         Punch             ||     2
   Stab: Sleeping          ||     2
 Armour: Skin              ||    13
  Dodge: Dodged            ||    16

Table legend: (Time is in decaauts)
 A = Elapsed time spent in this place.
 B = Non-inter-level travel time spent in this place.
 C = Inter-level travel time spent in this place.
 D = Time resting spent in this place.
 E = Time spent auto-exploring this place.
 F = Levels seen in this place.
 G = Mean time per level.
                   A        B        C        D        E       F      G
               +--------+--------+--------+--------+--------+-----+--------+
         Total |    324 |    324 |      0 |      0 |    198 |   2 |  162.0 |
       Dungeon |    324 |    324 |      0 |      0 |    198 |   2 |  162.0 |
               +--------+--------+--------+--------+--------+-----+--------+

Top non-repeatable levels by time:
     D:1: 267 daAuts
     D:2: 56 daAuts
